 Dungeon Crawl Stone Soup version 0.26-a0-1129-gc5df7fbe6a (webtiles) character file.

Game seed: 8530222304684085172

8525 pistachioham the Ducker (level 11, -2/83 HPs)
             Began as a Gnoll Arcane Marksman on Dec 17, 2020.
             Was an Initiate of Gozag.
             Slain by a swamp worm (18 damage)
             ... in a Gauntlet on Dec 18, 2020.
             The game lasted 02:26:23 (19171 turns).

pistachioham the Ducker (Gnoll Arcane Marksman)    Turns: 19171, Time: 02:26:23

Health: -2/83      AC: 10    Str: 14    XL:     11   Next: 32%
Magic:  11/21      EV: 18    Int: 22    God:    Gozag
Gold:   457        SH:  0    Dex: 20    Spells: 4/23 levels left

rFire    + + .     SeeInvis .   b - +3 hand axe (drain)
rCold    + + .     Faith    .   (no shield)
rNeg     . . .     Spirit   .   e - +1 robe
rPois    +         Reflect  .   (no helmet)
rElec    +         Harm     .   H - scarf {rC+ rF+}
rCorr    +         Rampage  .   w - +2 pair of gloves {Dex+3}
Will     .....     NoTele   +   (no boots)
Stlth    ++++......             (no amulet)
HPRegen  0.23/turn              c - +6 ring of intelligence
MPRegen  0.17/turn              y - +4 ring of protection

@: mighty, resistant, gold aura, very slightly contaminated, hasted, very quick
A: distributed training, fangs 1, strong nose
a: Renounce Religion, Potion Petition, Call Merchant, Bribe Branch


You were in a Gauntlet.
You worshipped Gozag.
Gozag was aware of your devotion.
You visited 2 branches of the dungeon, and saw 13 of its levels.
You also visited: Ossuary, Bailey and Gauntlet.

You collected 2620 gold pieces.
You paid 2163 gold pieces to Gozag.

Inventory:

Hand Weapons
 a - a +2 shortbow
 b - a +3 hand axe of draining (weapon)
 E - a +0 short sword of speed
 F - a +4 trident of venom
Missiles
 d - 155 arrows
 l - 6 atropa-tipped darts
Armour
 e - a +1 robe (worn)
 j - a +1 cloak
 p - a +2 pair of gloves
 r - a cursed +0 buckler
 w - a +2 pair of gloves of dexterity (worn)
 z - a +0 cloak
 H - a scarf of resistance (worn)
 K - a +3 scale mail of cold resistance
 L - the +1 plate armour of Lethargy {+Inv rElec MP+9}
   (You found it in a bailey)

   It insulates you from electricity.
   It affects your magic capacity (+9).
   It lets you turn invisible.
Magical Staves
 h - an uncursed staff of death
Jewellery
 c - a +6 ring of intelligence (left hand)
 q - an uncursed ring of magical power
 y - a +4 ring of protection (right hand)
 J - an uncursed ring of resist corrosion
Wands
 m - a wand of polymorph (6)
 s - a wand of iceblast (13)
 B - a wand of digging (5)
 G - a wand of disintegration (11)
 N - a wand of acid (9)
Scrolls
 f - 2 scrolls of identify
 i - 6 scrolls of remove curse
 o - 8 scrolls of teleportation
 u - 3 scrolls of fog
 D - a scroll of noise
 I - a scroll of fear {unknown}
 M - 2 scrolls of magic mapping
Potions
 g - 2 potions of mutation
 k - 2 potions of brilliance
 n - 2 potions of magic
 t - a potion of flight
 v - a potion of might
 x - 4 potions of attraction
 A - a potion of curing
 C - 2 potions of lignification


   Skills:
 + Level 6.7 Fighting
 + Level 6.2 Short Blades
 + Level 6.2 Long Blades
 + Level 6.2 Axes
 + Level 6.2 Maces & Flails
 + Level 6.2 Polearms
 + Level 6.2 Staves
 + Level 6.2 Slings
 + Level 7.8 Bows
 + Level 6.2 Crossbows
 + Level 6.2 Throwing
 + Level 6.2 Armour
 + Level 7.8 Dodging
 + Level 6.2 Stealth
 + Level 6.2 Shields
 + Level 6.2 Unarmed Combat
 + Level 6.8 Spellcasting
 + Level 5.1 Conjurations
 + Level 7.6 Hexes
 + Level 5.1 Summonings
 + Level 5.1 Necromancy
 + Level 5.1 Translocations
 + Level 5.1 Transmutations
 + Level 5.1 Fire Magic
 + Level 5.1 Ice Magic
 + Level 5.1 Air Magic
 + Level 5.1 Earth Magic
 + Level 5.1 Poison Magic
 + Level 6.8 Invocations
 + Level 6.2 Evocations


You had 4 spell levels left.
You knew the following spells:

 Your Spells              Type           Power        Failure   Level
a - Corona                Hex            45%          1%          1
b - Slow                  Hex            41%          1%          2
c - Portal Projectile     Hex/Tloc       70%          1%          3
d - Inner Flame           Hex/Fire       35%          1%          3
e - Cause Fear            Hex            20%          3%          4
f - Leda's Liquefaction   Hex/Erth       17%          6%          4
g - Searing Ray           Conj           60%          1%          2

Your spell library contained the following spells:

 Spells                   Type           Power        Failure   Level
 Magic Dart               Conj           100%         1%          1
 Sting                    Tmut/Pois      100%         1%          1
 Poisonous Vapours        Pois/Air       60%          1%          2
 Dazzling Flash           Conj/Hex       70%          1%          3
 Ignite Poison            Fire/Tmut/Pois 30%          3%          3
 Mephitic Cloud           Conj/Pois/Air  30%          3%          3
 Fulminant Prism          Conj/Hex       17%          6%          4
 Iskenderun's Mystic Bla  Conj/Tloc      30%          10%         4
 Olgreb's Toxic Radiance  Pois           30%          10%         4


Dungeon Overview and Level Annotations

Branches:
Dungeon (12/15)            Temple (1/1) D:7            Lair (0/6) D:9
    Orc (0/2) D:10        Ossuary (visited)          Bailey (visited)
Gauntlet (1/1)

Altars:
Ashenzari
Dithmenos
Gozag
Hepliaklqana
Kikubaaqudgha
Okawaru
Qazlal
Ru
Uskayaw
Vehumet
Xom
Yredelemnul
The Shining One

Annotations:
D:3 2 runed translucent doors, hgbash's ghost, amateur OpBr
D:9 3 runed translucent doors, rgaf's ghost, novice DEIE Gauntlet 11 transporters, 2 runed translucent doors


Innate Abilities, Weirdness & Mutations

Your experience applies equally to all skills.
You have very sharp teeth.
Your uncanny sense of smell can sniff out nearby items.


Message History

Unknown command.
Unknown command.
Casting: Slow (safe; 1% risk of failure)
Confirm with . or Enter, or press ? or * to list all spells.
Aiming: Searing Ray (safe; 1% risk of failure)
Press: ? - help, Shift-Dir - straight line, p - swamp worm You miscast Searing Ray.
You are very lightly contaminated with residual magic.
Nothing appears to happen.
The swamp worm bites you!
* * * LOW HITPOINT WARNING * * *
Unknown command. [a] - 672 gold - resistance, might and haste [b] - 750 gold - haste, brilliance, curing and magic [c] - 350 gold - haste and brilliance Purchase which effect?
You no longer have enough gold to fund merchants seeking to open stores in the dungeon.
You feel protected.
You feel very mighty all of a sudden.
You feel yourself speed up. The swamp worm bites you!!
You die...
Your body crumbles into a pile of gold.

...#.###...#.#.≈≈≈≈≈...#########.
.∩.#.#.###.#.#.#≈#≈#P..###.JJ###.
...#.#....Q#.#.PP......###...###.
≈..#########.#..P♣...###..+##.##.
≈≈.........#.#.......#©#..#©#[©#.
###..♣.P.♣.#.#########.#..##+?##.
#≈..PPP..#.#.......#.###..$###.
#≈≈..♣.P.#.#.w####.#.###...###.
####..PP.#.#.#@..#"#.#########.
#≈..♣.#©#w#.©.#©#©#.........
#≈≈...###.#...#!#.#########.
####....#.####..#.#...##..#.
#≈...#....w..#.###...#.#.
#≈≈..#########.#..#..#$#.
####.........#©#3.#©#[©#.
#≈..♣P♣.♣.###.#..#.?#.
#≈≈.........#.#...###.


You could see a tengu warrior and a swamp worm.

Vanquished Creatures
  A two-headed ogre (D:9)
  An unseen horror (D:11)
  An orc knight (Bailey)
  Joseph (D:8)
  A tengu conjurer (Gauntlet)
  3 trolls
  Grinder (D:6)
  Edmund (D:5)
  A swamp worm (Gauntlet)
  Duvessa (D:5)
  3 sky beasts
  5 orc warriors
  An ice beast (D:9)
  A necrophage (D:8)
  2 eyes of draining (D:9)
  2 ogres
  2 phantoms
  5 centaurs
  A big kobold (D:8)
  Blork the orc (D:6)
  2 bullfrogs
  A wyvern skeleton (D:10)
  Dowan (D:5)
  12 scorpions
  11 killer bees
  7 wights
  A howler monkey (D:4)
  A centaur zombie (Ossuary)
  A quasit (D:10)
  3 hounds
  A bullfrog skeleton (D:8)
  A centaur skeleton (D:4)
  2 human zombies (Ossuary)
  5 orc priests (D:10)
  4 jellies
  Jessica (D:2)
  4 iguanas
  5 orc wizards
  9 worker ants
  6 big kobold zombies (Ossuary)
  A hound zombie (D:6)
  3 hound skeletons
  3 mummies (Ossuary)
  2 worker ant zombies
  A howler monkey zombie (D:6)
  3 scorpion zombies (Ossuary)
  9 gnolls
  A howler monkey skeleton (D:7)
  8 adders
  A shadow imp (D:10)
  A white imp (D:6)
  4 ufetubi
  An ooze (D:3)
  2 adder skeletons
  2 worms
  A dart slug (D:3)
  4 leopard geckos
  45 orcs
  5 ball pythons
  8 bats
  5 giant cockroaches
  13 goblins
  10 hobgoblins
  5 jackals
  25 kobolds
  6 quokkas
  6 frilled lizards
  A goblin zombie (Ossuary)
  3 hobgoblin zombies (Ossuary)
  A leopard gecko skeleton (D:4)
  11 rats
  A spectral orc (D:4)
305 creatures vanquished.

Vanquished Creatures (others)
  A scorpion (Ossuary)
  An orc zombie (Ossuary)
  A demonic plant (Gauntlet)
3 creatures vanquished.

Grand Total: 308 creatures vanquished

Notes
Turn   | Place    | Note
-------+----------+-------------------------------------------
     0 | D:1      | pistachioham the Gnoll Arcane Marksman began the quest for
                  | the Orb.
     0 | D:1      | Reached XP level 1. HP: 17/17 MP: 4/4
   251 | D:1      | Reached XP level 2. HP: 23/23 MP: 2/5
   255 | D:1      | Learned a level 2 spell: Slow
   350 | D:1      | You fall into a shaft and drop 1 floor!
   430 | D:2      | Reached XP level 3. HP: 28/28 MP: 5/7
   517 | D:2      | Learned a level 3 spell: Portal Projectile
   772 | D:1      | Reached skill level 1 in Invocations
  1254 | D:2      | Reached skill level 1 in Short Blades
  1254 | D:2      | Reached skill level 1 in Long Blades
  1254 | D:2      | Reached skill level 1 in Axes
  1254 | D:2      | Reached skill level 1 in Maces & Flails
  1254 | D:2      | Reached skill level 1 in Polearms
  1254 | D:2      | Reached skill level 1 in Staves
  1254 | D:2      | Reached skill level 1 in Slings
  1254 | D:2      | Reached skill level 1 in Crossbows
  1254 | D:2      | Reached skill level 1 in Throwing
  1254 | D:2      | Reached skill level 1 in Armour
  1254 | D:2      | Reached skill level 1 in Stealth
  1254 | D:2      | Reached skill level 1 in Shields
  1254 | D:2      | Reached skill level 1 in Unarmed Combat
  1254 | D:2      | Reached skill level 1 in Evocations
  1471 | D:1      | Reached XP level 4. HP: 18/34 MP: 6/8
  1716 | D:2      | Found an opulent altar of Gozag.
  1716 | D:2      | Found a hazy altar of Hepliaklqana.
  1718 | D:2      | Found a stormy altar of Qazlal.
  1724 | D:2      | Became a worshipper of Gozag Ym Sagoz the Greedy
  1874 | D:2      | Noticed Jessica
  1891 | D:2      | Killed Jessica
  1892 | D:2      | Reached skill level 1 in Conjurations
  1892 | D:2      | Reached skill level 1 in Summonings
  1892 | D:2      | Reached skill level 1 in Necromancy
  1892 | D:2      | Reached skill level 1 in Translocations
  1892 | D:2      | Reached skill level 1 in Transmutations
  1892 | D:2      | Reached skill level 1 in Fire Magic
  1892 | D:2      | Reached skill level 1 in Ice Magic
  1892 | D:2      | Reached skill level 1 in Air Magic
  1892 | D:2      | Reached skill level 1 in Earth Magic
  1892 | D:2      | Reached skill level 1 in Poison Magic
  2232 | D:3      | Reached XP level 5. HP: 36/40 MP: 7/9
  2237 | D:3      | Learned a level 3 spell: Inner Flame
  2334 | D:3      | Found a large runed translucent door.
  2335 | D:3      | Found a large runed translucent door.
  2444 | D:3      | Found a glowing golden altar of the Shining One.
  3061 | D:3      | Noticed hgbash's ghost (amateur OpBr)
  3140 | D:4      | Found a basalt altar of Yredelemnul.
  3291 | D:4      | Reached XP level 6. HP: 13/47 MP: 10/10
  3916 | D:4      | Reached skill level 5 in Bows
  3916 | D:4      | Reached skill level 5 in Dodging
  4504 | D:5      | Entered Level 5 of the Dungeon
  4508 | D:5      | Found a hide-covered altar of Uskayaw.
  4529 | D:5      | Reached XP level 7. HP: 23/52 MP: 12/12
  4540 | D:5      | Learned a level 4 spell: Cause Fear
  4661 | D:5      | Found a sand-covered staircase.
  4666 | Ossuary  | Entered an ossuary
  6166 | Ossuary  | Reached XP level 8. HP: 54/60 MP: 14/14
  6532 | D:5      | Found a sacrificial altar of Ru.
  6532 | D:5      | Found an iron altar of Okawaru.
  6557 | D:5      | Noticed Edmund
  6580 | D:5      | Noticed Dowan
  6580 | D:5      | Noticed Duvessa
  6668 | D:5      | Found a basalt altar of Yredelemnul.
  6684 | D:5      | Killed Edmund
  7183 | D:5      | Killed Duvessa
  7189 | D:5      | Killed Dowan
  7682 | D:6      | Noticed Blork the orc
  7874 | D:6      | Found a shadowy altar of Dithmenos.
  8723 | D:6      | Reached XP level 9. HP: 56/66 MP: 16/16
  8902 | D:6      | Killed Blork the orc
  9232 | D:6      | Noticed Grinder
  9244 | D:6      | Paralysed by Grinder for 7 turns
  9538 | D:6      | Killed Grinder
  9539 | D:6      | Reached skill level 5 in Spellcasting
  9910 | D:7      | Found a radiant altar of Vehumet.
  9967 | D:7      | Reached skill level 5 in Fighting
 10724 | D:7      | Found a staircase to the Ecumenical Temple.
 10733 | Temple   | Entered the Ecumenical Temple
 11993 | D:7      | Reached skill level 5 in Invocations
 12174 | D:8      | Noticed Joseph
 12484 | D:8      | Reached XP level 10. HP: 45/74 MP: 18/18
 12910 | D:8      | Killed Joseph
 13087 | D:8      | Reached skill level 5 in Short Blades
 13087 | D:8      | Reached skill level 5 in Long Blades
 13087 | D:8      | Reached skill level 5 in Axes
 13087 | D:8      | Reached skill level 5 in Maces & Flails
 13087 | D:8      | Reached skill level 5 in Polearms
 13087 | D:8      | Reached skill level 5 in Staves
 13087 | D:8      | Reached skill level 5 in Slings
 13087 | D:8      | Reached skill level 5 in Crossbows
 13087 | D:8      | Reached skill level 5 in Throwing
 13087 | D:8      | Reached skill level 5 in Armour
 13087 | D:8      | Reached skill level 5 in Stealth
 13087 | D:8      | Reached skill level 5 in Shields
 13087 | D:8      | Reached skill level 5 in Unarmed Combat
 13087 | D:8      | Reached skill level 5 in Evocations
 13573 | D:9      | Noticed a two-headed ogre
 13601 | D:9      | Killed a two-headed ogre
 14428 | D:9      | Found a staircase to the Lair.
 14785 | D:9      | Learned a level 4 spell: Leda's Liquefaction
 15066 | D:9      | Found a runed translucent gate.
 15067 | D:9      | Found a runed translucent gate.
 15067 | D:9      | Found a runed translucent gate.
 15069 | D:9      | Noticed rgaf's ghost (novice DEIE)
 15149 | D:10     | Entered Level 10 of the Dungeon
 15368 | D:10     | Found a staircase to the Orcish Mines.
 16532 | D:11     | Noticed an unseen horror
 16535 | D:11     | Killed an unseen horror
 16536 | D:11     | Reached XP level 11. HP: 48/83 MP: 20/20
 16558 | D:11     | Found a flagged portal.
 16812 | Bailey   | Entered a bailey
 16813 | Bailey   | Upgraded the game from 0.26-a0-1126-g3318b609a0 to
                  | 0.26-a0-1129-gc5df7fbe6a
 17102 | Bailey   | Noticed an orc knight
 17126 | Bailey   | Killed an orc knight
 17127 | Bailey   | Reached skill level 5 in Conjurations
 17127 | Bailey   | Reached skill level 5 in Summonings
 17127 | Bailey   | Reached skill level 5 in Necromancy
 17127 | Bailey   | Reached skill level 5 in Translocations
 17127 | Bailey   | Reached skill level 5 in Transmutations
 17127 | Bailey   | Reached skill level 5 in Fire Magic
 17127 | Bailey   | Reached skill level 5 in Ice Magic
 17127 | Bailey   | Reached skill level 5 in Air Magic
 17127 | Bailey   | Reached skill level 5 in Earth Magic
 17127 | Bailey   | Reached skill level 5 in Poison Magic
 17262 | Bailey   | Got a transparent plate armour
 17796 | D:11     | Identified the +1 plate armour of Lethargy {+Inv rElec
                  | MP+9} (You found it in a bailey)
 18426 | D:12     | Found a gate leading to a gauntlet.
 18435 | Gauntlet | Entered a Gauntlet
 18435 | Gauntlet | Found a transporter.
 18435 | Gauntlet | Noticed a tengu warrior
 18438 | Gauntlet | Found a transporter.
 18440 | Gauntlet | Found a transporter.
 18450 | Gauntlet | Found a transporter.
 18451 | Gauntlet | Found a transporter.
 18455 | Gauntlet | Noticed a sixfirhy
 18455 | Gauntlet | Noticed a sixfirhy
 18459 | Gauntlet | Found a transporter.
 18473 | Gauntlet | Noticed a death ooze
 18474 | Gauntlet | Found a runed translucent door.
 18475 | Gauntlet | Found a transporter.
 18476 | Gauntlet | Found a runed translucent door.
 18479 | Gauntlet | Found a transporter.
 18497 | Gauntlet | Found a transporter.
 18499 | Gauntlet | Noticed a catoblepas
 18502 | Gauntlet | Found a transporter.
 18513 | Gauntlet | Found a transporter.
 18514 | Gauntlet | Found a transporter.
 18514 | Gauntlet | Noticed a tengu warrior
 18561 | Gauntlet | Noticed a hell hog
 18562 | Gauntlet | Found a transporter.
 18567 | Gauntlet | Found a transporter.
 18627 | Gauntlet | Learned a level 2 spell: Searing Ray
 19171 | Gauntlet | Slain by a swamp worm

Illustrated notes

Levels and vault maps discovered:
D:1:      erik_arrival_blinker_ship, layout_basic, feat_on_display
D:2:      layout_loops_ring, gammafunk_temple_overflow_claw, uniq_jessica
D:3:      layout_loops_ring, old_standard_altar, ebering_ghost_disaster_area,
          grunt_ministairs_6, grunt_decor_clamped, nrook_loot_triangle
D:4:      layout_loops_ring, yredelemnul_forgotten_temple_becter
D:5:      layout_basic, gammafunk_temple_overflow_statue, kennysheep_mini_moat,
          enter_ossuary_2, yredelemnul_altar_generic, uniq_duvessa, uniq_edmund
D:6:      layout_cave_pools, serial_column_ruins, column_ruins_square_large,
          column_ruins_hut, column_ruins_grid_1, column_ruins_grid_1,
          column_ruins_columns_corner, column_ruins_columns_dead_end,
          column_ruins_open_tiny, minmay_liquid_box,
          nicolae_dithmenos_shadow_blocks, uniq_grinder, uniq_blork_the_orc
D:7:      layout_layer_cave, marbit_many_paths, temple_hall
D:8:      layout_basic, uniq_joseph
D:9:      layout_loops_corners, lair_entry_dummy, gammafunk_ghost_necromancy
D:10:     layout_gridville, david_orc_3
D:11:     layout_basic, enter_bailey_7
D:12:     minmay_chambers_of_sevens, layout_basic, gauntlet_entry_generic
Temple:   oiseaux_autumnal_temple
Gauntlet: minmay_gauntlet_77_tree [minmay_gauntlet_arena_77_mirror,
          minmay_gauntlet_arena_77_box, minmay_gauntlet_arena_77_mess,
          minmay_gauntlet_arena_77_squiggly, minmay_gauntlet_arena_77_cramped,
          minmay_gauntlet_arena_77_checkered,
          minmay_gauntlet_arena_77_two_paths, gauntlet_exit_spiral]

Skill      XL: |  1  2  3  4  5  6  7  8  9 10 11 |
---------------+----------------------------------+-----
Invocations    | 1 2 3 4 5 6 |  6.8
Short Blades   | 1 2 3 4 5 6 |  6.2
Long Blades    | 1 2 3 4 5 6 |  6.2
Axes           | 1 2 3 4 5 6 |  6.2
Maces & Flails | 1 2 3 4 5 6 |  6.2
Polearms       | 1 2 3 4 5 6 |  6.2
Staves         | 1 2 3 4 5 6 |  6.2
Slings         | 1 2 3 4 5 6 |  6.2
Crossbows      | 1 2 3 4 5 6 |  6.2
Throwing       | 1 2 3 4 5 6 |  6.2
Armour         | 1 2 3 4 5 6 |  6.2
Stealth        | 1 2 3 4 5 6 |  6.2
Shields        | 1 2 3 4 5 6 |  6.2
Unarmed Combat | 1 2 3 4 5 6 |  6.2
Evocations     | 1 2 3 4 5 6 |  6.2
Spellcasting   | 3 4 5 6 |  6.8
Conjurations   | 1 2 3 4 5 |  5.1
Summonings     | 1 2 3 4 5 |  5.1
Necromancy     | 1 2 3 4 5 |  5.1
Translocations | 1 2 3 4 5 |  5.1
Transmutations | 1 2 3 4 5 |  5.1
Fire Magic     | 1 2 3 4 5 |  5.1
Ice Magic      | 1 2 3 4 5 |  5.1
Air Magic      | 1 2 3 4 5 |  5.1
Earth Magic    | 1 2 3 4 5 |  5.1
Poison Magic   | 1 2 3 4 5 |  5.1
Fighting       | 3 4 5 6 |  6.7
Bows           | 5 6 7 |  7.8
Dodging        | 5 6 7 |  7.8
Hexes          | 6 7 |  7.6

Action                   |  1- 3 |  4- 6 |  7- 9 | 10-12 || total
-------------------------+-------+-------+-------+-------++-------
Melee: Short sword       |   116 |   149 |   327 |       ||   592
       Bite              |     9 |    21 |    73 |    30 ||   133
       Punch             |       |     1 |    12 |     4 ||    17
       Hand axe          |       |       |    88 |   197 ||   285
       Trident           |       |       |     1 |    22 ||    23
 Fire: Shortbow          |    24 |    47 |   333 |   252 ||   656
 Cast: Corona            |    26 |    33 |   101 |    48 ||   208
       Portal Projectile |       |       |    12 |     6 ||    18
       Inner Flame       |       |       |     6 |    15 ||    21
       Slow              |       |       |     4 |     3 ||     7
       Cause Fear        |       |       |     3 |     1 ||     4
       Leda's Liquefacti |       |       |       |     1 ||     1
       Searing Ray       |       |       |       |     2 ||     2
Invok: Potion Petition   |       |       |     3 |     2 ||     5
Evoke: Wand              |       |       |     2 |     5 ||     7
  Use: Scroll            |       |     3 |    10 |    17 ||    30
       Potion            |       |       |     9 |     7 ||    16
 Stab: Sleeping          |     2 |     5 |     1 |       ||     8
       Invisible         |       |       |     2 |       ||     2
       Distracted        |       |       |       |     1 ||     1
Armor: Robe              |    19 |    16 |    58 |    64 ||   157
       Plate armour      |       |       |       |     4 ||     4
Dodge: Dodged            |    58 |    93 |   347 |   259 ||   757

Table legend: (Time is in decaauts)
 A = Elapsed time spent in this place.
 B = Non-inter-level travel time spent in this place.
 C = Inter-level travel time spent in this place.
 D = Time resting spent in this place.
 E = Time spent auto-exploring this place.
 F = Levels seen in this place.
 G = Mean time per level.
                   A        B        C        D        E       F      G
               +--------+--------+--------+--------+--------+-----+--------+
         Total |  18795 |  18320 |    475 |   6434 |   2675 |  16 | 1174.7 |
       Dungeon |  15830 |  15364 |    466 |   4943 |   2655 |  12 | 1319.2 |
        Temple |     20 |     11 |      9 |      0 |      1 |   1 |   20.0 |
       Ossuary |   1638 |   1638 |      0 |   1021 |      0 |   1 | 1638.0 |
        Bailey |    563 |    563 |      0 |    224 |      0 |   1 |  563.0 |
      Gauntlet |    742 |    742 |      0 |    245 |     19 |   1 |  742.0 |
               +--------+--------+--------+--------+--------+-----+--------+

Top non-repeatable levels by time:
     D:5: 2493 daAuts
     D:7: 1915 daAuts
     D:9: 1841 daAuts
 Ossuary: 1638 daAuts
     D:6: 1419 daAuts
     D:4: 1376 daAuts
    D:11: 1345 daAuts
     D:1: 1296 daAuts
     D:8: 1247 daAuts
    D:10: 1144 daAuts
     D:2: 868 daAuts
     D:3: 860 daAuts
Gauntlet: 742 daAuts
  Bailey: 563 daAuts
    D:12: 21 daAuts
